 Dungeon Sprint DCSS version 0.28-a0-206-gc2c9e32840 (webtiles) character file.

Game seed: 8221669952156721569

168099885 MikeHunt the Champion of Chaos (level 23, 214/262 HPs)
             Began as a Deep Dwarf Artificer on Aug 20, 2021.
             Was the Champion of Makhleb.
             Escaped with the Orb
             ... and 17 runes on Aug 21, 2021!
             The game lasted 00:57:21 (10822 turns).

MikeHunt the Champion of Chaos (DDAr)              Turns: 10822, Time: 00:57:22

Health: 214/262    AC: 36    Str: 20    XL:     23   Next: 29%
Magic:  24/28      EV: 23    Int: 15    God:    Makhleb [******]
Gold:   1702       SH: 26    Dex: 18    Spells: 67/75 levels left

rFire   + . .      SeeInvis .   q - +7 eveningstar (holy)
rCold   + . .      Faith    .   R - +0 tower shield
rNeg    + + .      Spirit   .   F - +4 storm dragon scales
rPois   +          Reflect  .   (no helmet)
rElec   +          Harm     .   o - +2 cloak
rCorr   .          Rampage  .   K - +2 pair of gloves
Will    ++++.      NoTele   +   L - +0 pair of boots {Fly}
Stlth   +++.......              (no amulet)
HPRegen 0.00/turn               Y - ring of Impatience {rC+ rN+ Slay+3}
MPRegen 0.21/turn               W - ring of Laonk {+Blink rPois rF+ Int+4}

@: flying
A: damage resistance, heal wounds, negative energy resistance 1, sense
surroundings 3, no regeneration, hooves 1, dopey 1, strong-willed 1, screaming
1, subdued magic 1
0: Orb of Zot
}: 17/17 runes: decaying, serpentine, barnacled, slimy, elven, silver, golden,
iron, obsidian, icy, bone, abyssal, glowing, magical, fiery, dark, gossamer
a: Heal Wounds, Renounce Religion, Evoke Blink, Minor Destruction, Lesser
Servant of Makhleb, Major Destruction, Greater Servant of Makhleb


You escaped.
You worshipped Makhleb.
Makhleb was exalted by your worship.
You visited 1 branch You collected 2009 gold pieces.
You spent 307 gold pieces at shops.

Inventory:

Hand Weapons
 n - a +2 lajatang
 p - the +7 sceptre of Asmodeus
   (You took it off Asmodeus in the Dungeon)

   It can be evoked to summon fiery demons, with success rate depending on
   Evocations skill.
   Those summoned this way will remain friendly only for a limited time.
 q - a +7 eveningstar of holy wrath (weapon)
 r - the +4 staff of Dispater
   (You took it off Dispater in the Dungeon)

   It can be evoked to hurl damnation at the cost of health and magic, with
   strength depending on Evocations skill.
 t - the +8 Vampire's Tooth {vamp}
   (You found it in the Dungeon)

   It occasionally heals its wielder for the full amount of damage dealt when it
   wounds a living foe.
 T - the +11 morningstar of Slime {venom, rC+ Will+ Int+3 Stlth+}
   (You found it in the Dungeon)

   It poisons the flesh of those it strikes.
   Int:       It affects your intelligence (+3).
   rC:        It protects you from cold.
   Will:      It increases your willpower.
   Stlth:     It makes you more stealthy.
Missiles
 P - 20 javelins
 Q - 8 silver javelins
Armour
 h - a +0 helmet of see invisible
 o - a +2 cloak (worn)
 y - a +0 kite shield of protection
 F - +4 storm dragon scales (worn)
 K - a +2 pair of gloves (worn)
 L - a +0 pair of boots of flying (worn)
 O - a +3 plate armour of cold resistance
 R - a +0 tower shield (worn)
 Z - +4 gold dragon scales
Jewellery
 c - a ring of protection from cold
 B - a ring of protection from fire
 H - a +4 ring of evasion
 I - a +4 ring of protection
 J - a ring of wizardry
 U - the amulet of the Endless Expanse {Spirit Fly}
   (You found it in the Dungeon)

   [amulet of guardian spirit]

   It causes incoming damage to be divided between your reserves of health and
   magic.
   Fly:       It grants you flight.
 V - the ring "Wousojoa" {MP+9 EV+3 Dex+5 Stlth+}
   (You found it in the Dungeon)

   [ring of evasion]

   EV:        It affects your evasion (+3).
   Dex:       It affects your dexterity (+5).
   MP:        It affects your magic capacity (+9).
   Stlth:     It makes you more stealthy.
 W - the ring of Laonk (right hand) {+Blink rPois rF+ Int+4}
   (You found it in the Dungeon)

   [ring of protection from fire]

   Int:       It affects your intelligence (+4).
   rF:        It protects you from fire.
   rPois:     It protects you from poison.
   +Blink:    It lets you blink.
 X - the ring "Letewn" {Will+ Int+4}
   (You found it in the Dungeon)

   [ring of willpower]

   Int:       It affects your intelligence (+4).
   Will:      It increases your willpower.
 Y - the ring of Impatience (left hand) {rC+ rN+ Slay+3}
   (You found it in the Dungeon)

   [ring of slaying]

   Slay:      It affects your accuracy & damage with ranged weapons and melee
   (+3).
   rC:        It protects you from cold.
   rN:        It protects you from negative energy.
Wands
 d - a wand of charming (10)
 x - a wand of flame (8)
Scrolls
 a - a scroll of immolation
 k - 3 scrolls of blinking
 u - 7 scrolls of fog
 v - 3 scrolls of identify
 w - 3 scrolls of fear
 S - a scroll of vulnerability
Potions
 f - 7 potions of curing
 g - 2 potions of brilliance
 i - 9 potions of magic
 j - 2 potions of berserk rage
 l - a potion of invisibility
 D - 3 potions of haste
 N - a potion of lignification
Miscellaneous
 e - a piece from Xom's chessboard (15/15)
 m - the horn of Geryon


   Skills:
 O Level 27 Fighting
 O Level 27 Maces & Flails
 - Level 14.0(21.1) Staves
 O Level 27 Throwing
 O Level 27 Armour
 O Level 27 Dodging
 O Level 27 Stealth
 O Level 27 Shields
 + Level 26.6 Spellcasting
 O Level 27 Air Magic
 O Level 27 Invocations
 O Level 27 Evocations


You had 67 spell levels left.
You knew the following spells:

 Your Spells              Type           Power      Damage    Failure   Level
a - Maxwell's Capacitive  Air            33%        ∞         1%          8

Your spell library contained the following spells:

 Spells                   Type           Power      Damage    Failure   Level
 Static Discharge         Conj/Air       46%        N/A       0%          2
 Summon Lightning Spire   Summ/Air       46%        N/A       1%          4
 Lightning Bolt           Conj/Air       23%        1d38      1%          5
 Storm Form               Tmut/Air       23%        N/A       13%         7


Dungeon Overview and Level Annotations

Branches:
Dungeon (1/1)

Altars:
Cheibriados
Dithmenos
Elyvilon
Fedhas
Gozag
Hepliaklqana
Kikubaaqudgha
Makhleb
Nemelex Xobeh
Okawaru
Qazlal
Ru
Sif Muna
Trog
Uskayaw
Vehumet
Wu Jian
Xom
Yredelemnul
Zin
The Shining One
Beogh
Jiyva
Lugonu

Shops:
D **((


Innate Abilities, Weirdness & Mutations

You are resistant to damage.
You can heal yourself by infusing magical energy.
You resist negative energy. (rN+)
You passively map a large area around you.
You do not regenerate.
You have large cloven feet.
You are dopey. (Int -2)
You are strong-willed. (Will+)
You occasionally shout uncontrollably at your foes.
Your spells are a little easier to cast, but a little less powerful.


Message History

The poison arrow hits you!!
You are poisoned.
You partially resist.
You feel charge building up... Mixzeuge gestures at you.
The poison arrow hits you!!
You are more poisoned.
You partially resist.
The electricity discharges through Mixzeuge!
Mixzeuge vaporises in an electric haze!
You kill Mixzeuge!
Makhleb accepts your kill.
You feel better.
You feel very sick. The neqoxec gestures at you.
Something tries to feed on your intellect!
You have mastered Stealth!
You feel sick.
There is an open door here.
The neqoxec gestures at you.
Strange energies course through your body.
You feel the urge to shout.
You hit the neqoxec.
The neqoxec convulses!
The neqoxec is heavily wounded.
You block the neqoxec's attack.
You beat the neqoxec like a drum!!!
You kill the neqoxec!
Makhleb accepts your kill.
You feel better.
You hammer the quasit like a gong!!!
You kill the quasit!
Makhleb accepts your kill.
You feel better.
There is an open door to the Dungeon here.
You see here a +0 dagger.
You are no longer poisoned.
There is a staircase leading out of the dungeon here.
Unknown command.
You can't go down here!
You have escaped!

.▓.▓.▓.▓.▓.▓.▓.▓.▓
.▓.▓.▓.▓.▓.▓'▓.▓.▓
.▓.▓.▓.▓.▓.▓.▓.▓.▓
.▓.▓.▓.▓.▓.▓.▓.▓.▓
.▓.▓.▓.▓.▓.▓.▓.▓)▓
.▓.▓.▓.▓.▓.▓.▓.▓.▓
.▓.▓.▓.▓.▓.▓.▓.▓.▓
.▓.▓.▓.▓.▓.▓.▓.▓.▓
...▓...▓...▓...▓@▓
▓▓▓▓▓▓▓▓▓▓▓▓▓▓▓▓▓▓


There were no monsters in sight!

Vanquished Creatures
  Cerebov (D)
  Antaeus (D)
  the Royal Jelly (D)
  Asmodeus (D)
  Ereshkigal (D)
  2 pandemonium lords (D)
  Gloorx Vloq (D)
  Lom Lobon (D)
  Mnoleg (D)
  Dispater (D)
  2 orbs of fire (D)
  Mara (D)
  6 ancient liches (D)
  Mennas (D)
  5 royal mummies (D)
  Boris (twice) (D)
  Sojobo (D)
  Margery (D)
  Frederick (D)
  Xtahua (D)
  7 golden dragons (D)
  Geryon (D)
  A profane servitor (D)
  A bone dragon (D)
  Jory (D)
  2 electric golems (D)
  A Tzitzimitl (D)
  A Hell Sentinel (D)
  2 tentacled monstrosities (D)
  35 Orb Guardians (D)
  3 deep elf blademasters (D)
  A lich (D)
  A deep elf master archer (D)
  A tentacled starspawn (D)
  8 acid blobs (D)
  2 Executioners (D)
  3 death cobs (D)
  12 sphinxes (D)
  Kirke (D)
  6 storm dragons (D)
  10 shadow dragons (D)
  2 tengu reavers (D)
  8 rockslimes (D)
  Donald (D)
  6 nagarajas (D)
  A daeva (D)
  4 draconian monks (D)
  A draconian knight (D)
  5 azure jellies (D)
  5 vault wardens (D)
  A fire giant (D)
  2 frost giants (D)
  5 ghost moths (D)
  A deep elf sorcerer (D)
  3 emperor scorpions (D)
  A balrug (D)
  Louise (D)
  A warmonger (D)
  A draconian stormcaller (D)
  2 cacodemons (D)
  2 reapers (D)
  2 draconian shifters (D)
  A blood saint (D)
  2 draconian annihilators (D)
  8 quicksilver oozes (D)
  4 ironbound preservers (D)
  7 stone giants (D)
  5 very ugly things (D)
  8 vampire knights (D)
  A black draconian (D)
  2 deep elf demonologists (D)
  4 deep elf annihilators (D)
  An entropy weaver (D)
  2 red draconians (D)
  4 green draconians (D)
  A lorocyproca (D)
  A spark wasp (D)
  3 yellow draconians (D)
  3 merfolk javelineers (D)
  3 white draconians (D)
  5 mummy priests (D)
  2 deep elf death magi (D)
  Josephine (D)
  6 fire dragons (D)
  2 merfolk impalers (D)
  3 great orbs of eyes (D)
  3 ettins (D)
  2 yaktaur captains (D)
  A boulder beetle (D)
  2 deep elf high priests (D)
  4 ice dragons (D)
  25 vault guards (D)
  A naga warrior (D)
  A rakshasa (D)
  3 merfolk avatars (D)
  11 hydras (D)
  A ghost crab (D)
  2 monstrous demonspawn (D)
  An ironbound frostheart (D)
  3 merfolk aquamancers (D)
  An anaconda (D)
  2 centaur warriors (D)
  3 hell hogs (D)
  A two-headed ogre (D)
  A death knight (D)
  A two-headed ogre (shapeshifter) (D)
  A deep troll earth mage (D)
  2 naga sharpshooters (D)
  3 deep troll shamans (D)
  4 hell knights (D)
  3 sun demons (D)
  A soul eater (D)
  5 sixfirhies (D)
  A salamander mystic (D)
  A shadow wraith (D)
  A skeletal warrior (D)
  3 spriggan druids (D)
  A goliath frog (D)
  A torturous demonspawn (D)
  3 gelid demonspawn (D)
  A sea snake (D)
  2 shadow demons (D)
  2 glowing orange brains (D)
  A wizard (D)
  3 ironbound convokers (D)
  8 swamp dragons (D)
  4 orc knights (D)
  A harpy (D)
  4 wolf spiders (D)
  3 necromancers (D)
  A deep elf pyromancer (D)
  A manticore (D)
  A manticore (shapeshifter) (D)
  A worldbinder (D)
  8 moths of wrath (D)
  An elephant (D)
  A toenail golem (D)
  2 naga magi (D)
  3 vault sentinels (D)
  2 guardian serpents (D)
  Maurice (D)
  A smoke demon (D)
  A cyclops (D)
  3 black mambas (D)
  3 cane toads (D)
  Psyche (D)
  2 komodo dragons (D)
  An acid dragon (D)
  An efreet (D)
  17 guardian mummies (D)
  2 demonic crawlers (D)
  A tengu conjurer (D)
  A wandering mushroom (D)
  A red devil (D)
  3 merfolk (D)
  A tyrant leech (D)
  A jumping spider (D)
  A hornet (shapeshifter) (D)
  3 polar bears (D)
  2 hornets (D)
  2 basilisks (D)
  A blink frog (D)
  3 snapping turtles (D)
  A slime creature (D)
  10 spriggans (D)
  A shadow (D)
  2 redbacks (D)
  2 tarantellas (D)
  4 wraiths (D)
  2 wyverns (D)
  A yak (D)
  A neqoxec (D)
  4 large abominations (D)
  4 nagas (D)
  4 water moccasins (D)
  3 small abominations (D)
  5 floating eyes (D)
  5 black bears (D)
  An orc warrior (D)
  A boggart (D)
  A bullfrog (D)
  A wight (D)
  2 quasits (D)
  4 orc wizards (D)
  A white imp (D)
  An ufetubus (D)
  3 orcs (D)
  2 ball pythons (D)
  An endoplasm (D)
  A goblin (D)
  A bat (D)
  A kobold (D)
  A ball lightning (D)
539 creatures vanquished.

Vanquished Creatures (collateral kills)
  A very ugly thing (D)
  Snorg (D)
  An ettin (D)
  A fire dragon (D)
  A merfolk javelineer (D)
  2 ice dragons (D)
  A rakshasa (D)
  A vault guard (D)
  3 ogre magi (D)
  4 orc knights (D)
  An ironbound convoker (D)
  2 deep trolls (D)
  A moth of wrath (D)
  A guardian mummy (D)
  A queen bee (shapeshifter) (D)
  A jumping spider (D)
  8 trolls (D)
  A tarantella (D)
  A spriggan (D)
  A wraith (D)
  5 orc warriors (D)
  2 orc priests (D)
  A hound (D)
  2 orc wizards (D)
  An adder (D)
  2 orcs (D)
  A ball python skeleton (D)
48 creatures vanquished.

Vanquished Creatures (others)
  Ilsuiw (D)
  A fire giant (D)
  A necromancer (D)
  A black mamba (shapeshifter) (D)
  A gargoyle (D)
  An unseen horror (D)
  4 humans (D)
  2 ball lightnings (D)
12 creatures vanquished.

Grand Total: 599 creatures vanquished

Notes
Turn   | Place    | Note
-------+----------+-------------------------------------------
     0 | D        | MikeHunt the Deep Dwarf Artificer began the quest for the
                  | Orb.
     0 | D        | Reached XP level 1. HP: 16/16 MP: 1/1
     5 | D        | Reached skill level 1 in Fighting
     7 | D        | Reached skill level 5 in Evocations
    17 | D        | Noticed a hound
    21 | D        | Reached XP level 2. HP: 16/27 MP: 2/2
    34 | D        | Reached XP level 3. HP: 21/36 MP: 3/3
    38 | D        | Found a snail-covered altar of Cheibriados.
    38 | D        | Found a shadowy altar of Dithmenos.
    38 | D        | Found a white marble altar of Elyvilon.
    38 | D        | Found a blossoming altar of Fedhas.
    38 | D        | Found an opulent altar of Gozag.
    39 | D        | Found a hazy altar of Hepliaklqana.
    40 | D        | Found a viscous altar of Jiyva.
    41 | D        | Found an ancient bone altar of Kikubaaqudgha.
    42 | D        | Found a corrupted altar of Lugonu.
    43 | D        | Found a burning altar of Makhleb.
    44 | D        | Found a sparkling altar of Nemelex Xobeh.
    45 | D        | Found an iron altar of Okawaru.
    46 | D        | Found a stormy altar of Qazlal.
    47 | D        | Found a sacrificial altar of Ru.
    48 | D        | Found a shimmering blue altar of Sif Muna.
    49 | D        | Found a bloodstained altar of Trog.
    50 | D        | Found a hide-covered altar of Uskayaw.
    51 | D        | Became a worshipper of Makhleb the Destroyer
    52 | D        | Found a radiant altar of Vehumet.
    53 | D        | Found an ornate altar of the Wu Jian Council.
    54 | D        | Found a shimmering altar of Xom.
    55 | D        | Found a basalt altar of Yredelemnul.
    56 | D        | Found a glowing silver altar of Zin.
    57 | D        | Found a glowing golden altar of the Shining One.
    65 | D        | Found the +8 Vampire's Tooth {vamp}
   110 | D        | Noticed a shadow
   110 | D        | Noticed a wyvern
   110 | D        | Noticed an acid dragon
   110 | D        | Noticed a two-headed ogre
   110 | D        | Noticed a gargoyle
   115 | D        | Killed a two-headed ogre
   116 | D        | Reached XP level 4. HP: 26/44 MP: 4/4
   116 | D        | Reached XP level 5. HP: 30/50 MP: 5/5
   116 | D        | Reached XP level 6. HP: 34/57 MP: 6/6
   121 | D        | Reached XP level 7. HP: 37/63 MP: 7/7
   121 | D        | Killed an acid dragon
   126 | D        | Killed a wyvern
   126 | D        | Reached * piety under Makhleb
   135 | D        | Killed a shadow
   136 | D        | Reached XP level 8. HP: 26/73 MP: 8/8
   149 | D        | Noticed a cyclops
   149 | D        | Noticed a hornet
   149 | D        | Noticed a death knight
   149 | D        | Noticed a black mamba
   150 | D        | Noticed a queen bee
   150 | D        | a basilisk changed into a queen bee
   154 | D        | a hornet changed into a golden eye
   157 | D        | Killed a queen bee
   163 | D        | Killed a basilisk
   163 | D        | Reached ** piety under Makhleb
   164 | D        | Reached skill level 5 in Fighting
   172 | D        | Killed a death knight
   187 | D        | Noticed a shapeshifter
   187 | D        | a golden eye changed into a shapeshifter
   188 | D        | Killed a cyclops
   188 | D        | Noticed a hornet
   188 | D        | a shapeshifter changed into a hornet
   189 | D        | Gained mutation: You passively map the area around you.
                  | [Deep Dwarf growth]
   189 | D        | Reached XP level 9. HP: 31/85 MP: 11/14
   189 | D        | Reached *** piety under Makhleb
   308 | D        | Noticed a cane toad
   308 | D        | Noticed a komodo dragon
   313 | D        | Noticed a cane toad
   320 | D        | Killed a komodo dragon
   327 | D        | Reached **** piety under Makhleb
   333 | D        | Killed a cane toad
   338 | D        | Killed a cane toad
   339 | D        | Reached skill level 10 in Invocations
   340 | D        | Reached ***** piety under Makhleb
   350 | D        | Reached XP level 10. HP: 97/98 MP: 17/17
   360 | D        | Noticed a seven-headed hydra
   360 | D        | Noticed a seven-headed hydra
   360 | D        | Noticed a cane toad
   362 | D        | Killed a cane toad
   362 | D        | Noticed a boulder beetle
   363 | D        | Killed a seven-headed hydra
   364 | D        | Reached skill level 10 in Armour
   364 | D        | Reached skill level 10 in Dodging
   364 | D        | Killed a seven-headed hydra
   365 | D        | Noticed an elephant
   367 | D        | Reached skill level 10 in Fighting
   369 | D        | Killed a boulder beetle
   369 | D        | Killed an elephant
   381 | D        | Reached ****** piety under Makhleb
   386 | D        | Reached XP level 11. HP: 86/110 MP: 20/20
   438 | D        | Noticed Psyche
   441 | D        | Killed Psyche
   483 | D        | Noticed Maurice
   486 | D        | Killed Maurice
   529 | D        | Noticed an ettin
   536 | D        | Killed an ettin
   540 | D        | Noticed an orc knight
   547 | D        | Killed an orc knight
   580 | D        | Noticed an orc knight
   588 | D        | Killed an orc knight
   592 | D        | Noticed an orc knight
   594 | D        | Noticed an orc knight
   596 | D        | Noticed an orc knight
   597 | D        | Noticed an orc knight
   599 | D        | Killed an orc knight
   603 | D        | Killed an orc knight
   605 | D        | Killed an orc knight
   610 | D        | Killed an orc knight
   632 | D        | Found Wiarphodu's Weapon Boutique.
   632 | D        | Noticed an ogre mage
   632 | D        | Noticed an ogre mage
   632 | D        | Noticed a deep troll
   637 | D        | Killed a deep troll
   637 | D        | Killed an ogre mage
   637 | D        | Killed an ogre mage
   638 | D        | Reached skill level 15 in Invocations
   660 | D        | Found Yfal's Weapon Shop.
   669 | D        | Found Obiocon's General Store.
   673 | D        | Found Piowimu's Assorted Antiques.
   676 | D        | Noticed an ogre mage
   685 | D        | Killed an ogre mage
   687 | D        | Noticed a deep troll
   689 | D        | Killed a deep troll
   800 | D        | Bought a dented sapphire amulet for 75 gold pieces
   800 | D        | Bought a potion of invisibility for 120 gold pieces
   800 | D        | Bought a scroll of enchant armour for 112 gold pieces
   842 | D        | Noticed Josephine
   847 | D        | Killed Josephine
   848 | D        | Reached XP level 12. HP: 122/123 MP: 21/23
  1047 | D        | Noticed a centaur warrior
  1047 | D        | Noticed a centaur warrior
  1048 | D        | Noticed a six-headed hydra
  1053 | D        | Killed a centaur warrior
  1055 | D        | Killed a centaur warrior
  1056 | D        | Noticed a fire dragon
  1063 | D        | Killed a six-headed hydra
  1063 | D        | Noticed a fire dragon
  1064 | D        | Noticed a rakshasa
  1068 | D        | Reached skill level 15 in Armour
  1074 | D        | Noticed an ice dragon
  1077 | D        | Noticed an ice dragon
  1079 | D        | Noticed an ice dragon
  1083 | D        | Killed a rakshasa
  1084 | D        | Reached skill level 15 in Dodging
  1087 | D        | Killed a fire dragon
  1089 | D        | Killed an ice dragon
  1091 | D        | Killed an ice dragon
  1247 | D        | Killed a fire dragon
  1269 | D        | Noticed a cyan very ugly thing
  1283 | D        | Killed a cyan very ugly thing
  1310 | D        | Noticed Donald
  1328 | D        | Killed Donald
  1354 | D        | Noticed Snorg
  1369 | D        | Killed Snorg
  1370 | D        | Reached skill level 1 in Maces & Flails
  1444 | D        | Noticed an entropy weaver
  1467 | D        | Killed an entropy weaver
  1468 | D        | Reached skill level 5 in Shields
  1468 | D        | Reached XP level 13. HP: 85/135 MP: 21/21
  1483 | D        | Reached skill level 5 in Maces & Flails
  1603 | D        | Noticed a nagaraja
  1608 | D        | Killed a nagaraja
  1635 | D        | Noticed a merfolk impaler
  1638 | D        | Reached skill level 10 in Shields
  1638 | D        | Killed a merfolk impaler
  1640 | D        | Reached skill level 10 in Maces & Flails
  1905 | D        | Noticed Kirke
  1917 | D        | Noticed a sphinx
  1919 | D        | Killed Kirke
  2017 | D        | Noticed a stone giant
  2017 | D        | Noticed a fire dragon
  2017 | D        | Noticed a red very ugly thing
  2017 | D        | Noticed a fire dragon
  2017 | D        | Noticed a stone giant
  2017 | D        | Noticed an ettin
  2022 | D        | Killed an ettin
  2030 | D        | Killed a white very ugly thing
  2035 | D        | Noticed a fire dragon
  2037 | D        | Killed a stone giant
  2038 | D        | Reached skill level 15 in Shields
  2040 | D        | Killed a stone giant
  2041 | D        | Gained mutation: You resist negative energy. (rN+) [Deep
                  | Dwarf growth]
  2041 | D        | Reached XP level 14. HP: 81/144 MP: 20/20
  2043 | D        | Noticed a stone giant
  2065 | D        | Noticed a stone giant
  2090 | D        | Killed a stone giant
  2106 | D        | Noticed a fire giant
  2107 | D        | HP: 7/145 [stone giant/large rock (21)]
  2117 | D        | Killed a stone giant
  2128 | D        | Reached skill level 15 in Fighting
  2138 | D        | Killed a fire giant
  2698 | D        | Noticed an ironbound preserver
  2699 | D        | Noticed an ironbound preserver
  2700 | D        | Killed an ironbound preserver
  2701 | D        | Noticed an ironbound preserver
  2717 | D        | Killed an ironbound preserver
  2718 | D        | Noticed a vault warden
  2719 | D        | Killed an ironbound preserver
  2744 | D        | Killed a vault warden
  2751 | D        | Noticed a cyan very ugly thing
  2755 | D        | Noticed a vault warden
  2769 | D        | Killed a cyan very ugly thing
  2781 | D        | Killed a vault warden
  2786 | D        | Noticed a vault warden
  2798 | D        | Killed a vault warden
  4188 | D        | Noticed Xtahua
  4218 | D        | Killed Xtahua
  4433 | D        | Noticed Jory
  4438 | D        | Noticed Margery
  4447 | D        | Killed Jory
  4448 | D        | Reached XP level 15. HP: 65/159 MP: 18/18
  4470 | D        | Killed Margery
  4651 | D        | Noticed Ilsuiw
  4673 | D        | Killed Ilsuiw
  4691 | D        | Got a barnacled rune of Zot
  4717 | D        | Noticed a nagaraja
  4717 | D        | Noticed a nagaraja
  4729 | D        | Killed a nagaraja
  4734 | D        | Killed a nagaraja
  4741 | D        | Noticed a nagaraja
  4746 | D        | Noticed a nagaraja
  4751 | D        | Noticed a nagaraja
  4752 | D        | Killed a nagaraja
  4754 | D        | Killed a nagaraja
  4762 | D        | Killed a nagaraja
  4765 | D        | Got a serpentine rune of Zot
  4842 | D        | Got a decaying rune of Zot
  4955 | D        | Noticed a ghost moth
  4955 | D        | Noticed a ghost moth
  4957 | D        | Killed a ghost moth
  4957 | D        | Killed a ghost moth
  4958 | D        | Noticed a ghost moth
  4963 | D        | Killed a ghost moth
  4964 | D        | Reached XP level 16. HP: 131/176 MP: 3/18
  4997 | D        | Got a gossamer rune of Zot
  5009 | D        | Noticed Mennas
  5016 | D        | Killed Mennas
  5022 | D        | Noticed Boris
  5043 | D        | Killed Boris
  5054 | D        | Noticed Louise
  5071 | D        | Killed Louise
  5215 | D        | Reached skill level 27 in Invocations
  5256 | D        | Noticed a shadow dragon
  5259 | D        | Killed a shadow dragon
  5266 | D        | Noticed a shadow dragon
  5273 | D        | Noticed a shadow dragon
  5282 | D        | Reached XP level 17. HP: 186/192 MP: 18/18
  5325 | D        | Noticed an ancient lich
  5332 | D        | Killed an ancient lich
  5339 | D        | Identified the +11 morningstar of Slime {venom, rC+ Will+
                  | Int+3 Stlth+}
  5345 | D        | Got a silver rune of Zot
  5404 | D        | Noticed Frederick
  5409 | D        | Killed Frederick
  5439 | D        | Got the amulet of the Endless Expanse {Spirit Fly}
  5441 | D        | Got the ring "Wousojoa" {MP+9 EV+3 Dex+5 Stlth+}
  5443 | D        | Got the ring of Laonk {+Blink rPois rF+ Int+4}
  5445 | D        | Got the ring "Letewn" {Will+ Int+4}
  5447 | D        | Got the ring of Impatience {rC+ rN+ Slay+3}
  5597 | D        | Noticed Mara
  5598 | D        | Noticed Sojobo
  5600 | D        | Noticed MikeHunt's illusion
  5631 | D        | Killed Mara
  5632 | D        | Reached skill level 27 in Armour
  5632 | D        | Reached skill level 27 in Dodging
  5646 | D        | Killed Sojobo
  5748 | D        | Noticed a bone dragon
  5748 | D        | Noticed a golden dragon
  5751 | D        | Noticed a golden dragon
  5756 | D        | Killed a golden dragon
  5757 | D        | Reached skill level 27 in Fighting
  5766 | D        | Killed a bone dragon
  5767 | D        | Reached skill level 5 in Throwing
  5771 | D        | Killed a golden dragon
  5772 | D        | Gained mutation: You passively map a large area around you.
                  | [Deep Dwarf growth]
  5772 | D        | Reached XP level 18. HP: 181/218 MP: 18/18
  5774 | D        | Reached skill level 15 in Maces & Flails
  5814 | D        | Noticed a golden dragon
  5821 | D        | Killed a golden dragon
  5822 | D        | Reached skill level 10 in Throwing
  5846 | D        | Noticed a golden dragon
  5851 | D        | Killed a golden dragon
  5886 | D        | Noticed a golden dragon
  5886 | D        | Noticed a golden dragon
  5891 | D        | Killed a golden dragon
  5892 | D        | Reached skill level 15 in Throwing
  5897 | D        | Killed a golden dragon
  6232 | D        | Noticed an Orb Guardian
  6232 | D        | Noticed an Orb Guardian
  6232 | D        | Noticed an Orb Guardian
  6232 | D        | Noticed an Orb Guardian
  6232 | D        | Noticed an Orb Guardian
  6232 | D        | Noticed an Orb Guardian
  6235 | D        | Killed an Orb Guardian
  6235 | D        | Killed an Orb Guardian
  6235 | D        | Killed an Orb Guardian
  6235 | D        | Noticed an Orb Guardian
  6236 | D        | Killed an Orb Guardian
  6236 | D        | Noticed an Orb Guardian
  6237 | D        | Killed an Orb Guardian
  6237 | D        | Killed an Orb Guardian
  6238 | D        | Killed an Orb Guardian
  6239 | D        | Reached XP level 19. HP: 179/226 MP: 19/19
  6296 | D        | Noticed an ancient lich
  6301 | D        | Killed an ancient lich
  6303 | D        | Noticed an orb of fire
  6318 | D        | Killed an orb of fire
  6321 | D        | Noticed an electric golem
  6333 | D        | Killed an electric golem
  6339 | D        | Noticed an ancient lich
  6339 | D        | Noticed an electric golem
  6344 | D        | Reached skill level 27 in Maces & Flails
  6349 | D        | Killed an electric golem
  6351 | D        | Killed an ancient lich
  6354 | D        | Noticed an ancient lich
  6359 | D        | Noticed an orb of fire
  6365 | D        | Killed an ancient lich
  6366 | D        | Noticed a golden dragon
  6368 | D        | Gained mutation: You are dopey. (Int -2) [an orb of fire]
  6372 | D        | Gained mutation: You are very dopey. (Int -4) [an orb of
                  | fire]
  6400 | D        | Killed an orb of fire
  6401 | D        | Reached skill level 27 in Throwing
  6403 | D        | Killed a golden dragon
  6404 | D        | Reached XP level 20. HP: 111/236 MP: 20/20
  6435 | D        | Learned a level 8 spell: Maxwell's Capacitive Coupling
  6445 | D        | Reached skill level 5 in Air Magic
  6472 | D        | Reached skill level 10 in Air Magic
  6561 | D        | Noticed an ancient lich
  6563 | D        | Noticed an ancient lich
  6568 | D        | Killed an ancient lich
  6576 | D        | Killed an ancient lich
  6657 | D        | Reached skill level 15 in Air Magic
  6664 | D        | Reached skill level 27 in Shields
  6691 | D        | Got an elven rune of Zot
  6721 | D        | Noticed the Royal Jelly
  6727 | D        | Killed the Royal Jelly
  6728 | D        | Reached XP level 21. HP: 238/244 MP: 21/21
  6741 | D        | Paralysed by a floating eye for 2 turns
  6861 | D        | Got a slimy rune of Zot
  7124 | D        | HP: 7/244 [something (17)]
  7126 | D        | Noticed a royal mummy
  7143 | D        | Killed a royal mummy
  7156 | D        | Noticed a royal mummy
  7156 | D        | Noticed a royal mummy
  7156 | D        | Noticed a royal mummy
  7220 | D        | Killed a royal mummy
  7233 | D        | Killed a royal mummy
  7234 | D        | Reached skill level 27 in Air Magic
  7234 | D        | Reached skill level 1 in Spellcasting
  7240 | D        | HP: 12/244 [royal mummy (13)]
  7244 | D        | Killed a royal mummy
  7315 | D        | Noticed a royal mummy
  7318 | D        | Killed a royal mummy
  7486 | D        | Got a golden rune of Zot
  7495 | D        | Reached skill level 10 in Stealth
  7504 | D        | Reached skill level 10 in Spellcasting
  7512 | D        | Got an abyssal rune of Zot
  7640 | D        | Noticed Geryon
  7652 | D        | Killed Geryon
  7655 | D        | Noticed Ereshkigal
  7655 | D        | Noticed Gloorx Vloq
  7655 | D        | Found the +4 staff of Dispater
  7655 | D        | Noticed Dispater
  7659 | D        | Killed Gloorx Vloq
  7659 | D        | Noticed Antaeus
  7662 | D        | Noticed Mnoleg
  7663 | D        | Killed Ereshkigal
  7664 | D        | Reached XP level 22. HP: 78/254 MP: 1/17
  7888 | D        | Killed Mnoleg
  8012 | D        | Killed Dispater
  8184 | D        | Killed Antaeus
  8185 | D        | Reached skill level 15 in Spellcasting
  8241 | D        | Got a dark rune of Zot
  8247 | D        | Got a bone rune of Zot
  8251 | D        | Got an iron rune of Zot
  8253 | D        | Found the +6 sword of Cerebov {flame}
  8253 | D        | Noticed Cerebov
  8255 | D        | Noticed Lom Lobon
  8257 | D        | Killed Cerebov
  8258 | D        | Reached skill level 27 in Evocations
  8364 | D        | Found the +7 sceptre of Asmodeus
  8364 | D        | Noticed Asmodeus
  8373 | D        | Killed Asmodeus
  8394 | D        | Killed Lom Lobon
  8592 | D        | Got an icy rune of Zot
  8596 | D        | Got a glowing rune of Zot
  8600 | D        | Got a fiery rune of Zot
  8604 | D        | Got a magical rune of Zot
  8608 | D        | Got an obsidian rune of Zot
  9027 | D        | Got the Orb of Zot
  9235 | D        | Gained mutation: Your body sometimes deteriorates upon
                  | taking damage. [a cacodemon]
  9274 | D        | Lost mutation: You are very dopey. (Int -4) [potion of
                  | mutation]
  9274 | D        | Gained mutation: Your spells are a little easier to cast,
                  | but a little less powerful. [potion of mutation]
  9274 | D        | Gained mutation: You have a pair of small horns on your
                  | head. [potion of mutation]
  9274 | D        | Gained mutation: Armour fits poorly on your strangely
                  | shaped body. [potion of mutation]
  9275 | D        | Lost mutation: You have a pair of small horns on your head.
                  | [potion of mutation]
  9275 | D        | Lost mutation: Your body sometimes deteriorates upon taking
                  | damage. [potion of mutation]
  9275 | D        | Lost mutation: Armour fits poorly on your strangely shaped
                  | body. [potion of mutation]
  9275 | D        | Gained mutation: You have large cloven feet. [potion of
                  | mutation]
  9275 | D        | Gained mutation: You are strong-willed. (Will+) [potion of
                  | mutation]
  9280 | D        | Noticed Baonaij the pandemonium lord
  9285 | D        | Killed Baonaij the pandemonium lord
 10076 | D        | Reached XP level 23. HP: 262/262 MP: 27/27
 10547 | D        | Noticed Boris
 10560 | D        | Killed Boris
 10802 | D        | Noticed Mixzeuge the pandemonium lord
 10806 | D        | Killed Mixzeuge the pandemonium lord
 10807 | D        | Reached skill level 27 in Stealth
 10808 | D        | Gained mutation: You occasionally shout uncontrollably at
                  | your foes. [a neqoxec]
 10822 | D        | Escaped with the Orb!

Illustrated notes

Levels and vault maps discovered:
D:        linesprint [early_d, line_temple, items_1, d_10, items_2, lair_1,
          lair_end, items_3, orc_1, orc_end, items_4, d_15, swamp_1, shoals_1,
          snake_1, spider_1, d_20, vaults_1, items_5, swamp_end, shoals_end,
          snake_end, spider_end, vaults_end, d_27, items_6, zot_1, zot_end,
          crypt_end, forest_end, elf_end, slime_end, tomb_end, abyss_end,
          pan_hell_end]

Skill      XL: |  1  2  3  4  5  6  7  8  9 10 11 12 13 14 15 16 17 18 19 20 21 22 23 |
---------------+----------------------------------------------------------------------+-----
Fighting       | 2 3 4 6 8 10 12 14 16 19 22 27 | 27.0
Evocations     | 5 6 21 27 | 27.0
Staves         | 11 12 14 | 14.0
Armour         | 3 7 9 11 14 15 16 19 22 25 27 | 27.0
Dodging        | 2 6 9 11 14 15 16 19 22 25 27 | 27.0
Invocations    | 7 10 13 16 18 21 25 27 | 27.0
Maces & Flails | 4 13 14 23 27 | 27.0
Shields        | 5 15 20 27 | 27.0
Throwing       | 7 19 27 | 27.0
Air Magic      | 21 27 | 27.0
Spellcasting   | 11 24 26 | 26.6
Stealth        | 12 22 27 | 27.0

Action                   |  1- 3 |  4- 6 |  7- 9 | 10-12 | 13-15 | 16-18 | 19-21 | 22-24 || total
-------------------------+-------+-------+-------+-------+-------+-------+-------+-------++-------
Melee: Club              |     1 |       |       |       |       |       |       |       ||     1
       Lajatang          |       |       |    34 |    78 |    26 |       |       |       ||   138
       Eveningstar       |       |       |       |       |   337 |   205 |   224 |   260 ||  1026
Throw: Javelin           |       |       |       |       |       |       |    48 |    19 ||    67
 Cast: Maxwell's Capacit |       |       |       |       |       |       |     2 |     9 ||    11
Invok: Minor Destruction |       |       |    11 |     5 |     3 |       |       |       ||    19
       Major Destruction |       |       |       |    32 |    53 |   101 |    67 |     9 ||   262
       Greater Servant o |       |       |       |     7 |     7 |     3 |     1 |       ||    18
 Abil: Heal Wounds       |       |       |       |    12 |    28 |     8 |    16 |    20 ||    84
       Evoke Blink       |       |       |       |       |       |       |       |     1 ||     1
Evoke: Wand              |     9 |     1 |    19 |     2 |     8 |       |     2 |       ||    41
       Piece from Xom's  |       |       |     1 |       |       |       |       |       ||     1
  Use: Potion            |       |       |     9 |     4 |     4 |     2 |     9 |     4 ||    32
       Scroll            |       |       |       |     5 |     6 |     4 |     1 |     4 ||    20
 Stab: Invisible         |       |       |       |       |     6 |       |       |       ||     6
       Distracted        |       |       |       |       |       |       |     1 |     1 ||     2
       Sleeping          |       |       |       |       |       |       |     1 |       ||     1
Armor: Chain mail        |       |       |     7 |    12 |       |       |       |       ||    19
       Storm dragon scal |       |       |       |    30 |   131 |   104 |    47 |    63 ||   375
Dodge: Dodged            |     3 |       |    13 |    44 |   134 |    98 |    76 |    55 ||   423
Block: Kite shield       |       |       |       |       |   154 |   105 |    40 |       ||   299
       Reflection        |       |       |       |       |     1 |       |       |       ||     1
       Tower shield      |       |       |       |       |       |       |   116 |   215 ||   331

Table legend: (Time is in decaauts) A = Elapsed time spent in this place. B = Non-inter-level travel time spent in this place. C = Inter-level travel time spent in this place. D = Time resting spent in this place. E = Time spent auto-exploring this place. F = Levels seen in this place. G = Mean time per level. A B C D E F G +--------+--------+--------+--------+--------+-----+--------+ Total | 10414 | 6880 | 3534 | 1474 | 0 | 1 | 10414.0 | Dungeon | 10414 | 6880 | 3534 | 1474 | 0 | 1 | 10414.0 | +--------+--------+--------+--------+--------+-----+--------+

Top non-repeatable levels by time:
       D: 10414 daAuts
